Connexion

NASHVILLE Predators vs ARIZONA Coyotes

Created - 27 septembre 2023 at 05:58

Goals
1 2 3 T
NASHVILLE Predators 0 0 0 0
ARIZONA Coyotes 3 3 0 6
Shots
1 2 3 T
NASHVILLE Predators 9 8 7 24
ARIZONA Coyotes 13 9 10 32

GoalsPenalties
1st period
1. ARIZONA Coyotes , Nazem Kadri 8 (Matthew Tkachuk 11, Dougie Hamilton 10) at 1:22
2. ARIZONA Coyotes , Nazem Kadri 9 (Madison Bowey 6, Matthew Tkachuk 12) at 9:55
3. ARIZONA Coyotes , Victor Olofsson 10 (Brayden Point 10) at 15:56
Josh Morrissey (NAS) for Holding (Minor) at 3:41
Josh Morrissey (NAS) for Tripping (Minor) at 5:53
2nd period
4. ARIZONA Coyotes , Nazem Kadri 10 (Sean Durzi 10, Victor Olofsson 9) at 1:48 (PP)
5. ARIZONA Coyotes , Timo Meier 6 (Madison Bowey 7, Dougie Hamilton 11) at 5:01 (PP)
6. ARIZONA Coyotes , Victor Olofsson 11 (Brayden Point 11, Dougie Hamilton 12) at 9:24
Cam Fowler (NAS) for Cross-checking (Minor) at 0:48
Bryan Rust (NAS) for High sticking (Double Minor) at 4:51
Sean Durzi (ARI) for Interference (Minor) at 16:59
3rd period
No Goal
Brayden Point (ARI) for Hooking (Minor) at 15:42
Filip Forsberg (NAS) for Roughing (Double Minor) at 16:12
Goalie Stats
Matt Murray (NAS), 12 saves from 16 shots - (0,750), L, 6-8-1, 21:48 minutes
Cal Petersen (NAS), 14 saves from 16 shots - (0,875), 38:12 minutes
Andrei Vasilevsky (ARI), 24 saves from 24 shots - (1,000), W, 9-6-0, 60:00 minutes
3 StarsOfficial
1 - Nazem Kadri (ARI)
2 - Victor Olofsson (ARI)
3 - Dougie Hamilton (ARI)
Referees : Chris Rooney and Rob Martell
Linesman : Pierre Racicot and David Brisebois
Game Note
Nazem Kadri has scored a Hat Trick!
Cal Petersen enters game at 1:48 of 2nd period
Finance
Level 1 -- Attendance: 5502 (91,70%) -- Ticket Income 731 766 $
Level 2 -- Attendance: 3670 (88,97%) -- Ticket Income 378 010 $
Level 3 -- Attendance: 2000 (100,00%) -- Ticket Income 114 000 $
Level 4 -- Attendance: 3116 (77,90%) -- Ticket Income 121 524 $
Luxury Box -- Attendance: 1000 (100,00%) -- Ticket Income 250 000 $
Game was played at the Jobing.com Arena.
Total Attendance: 15288 (89,27%)
Total Ticket Income: 1 595 300 $
Other Income: 319 060 $
Total Income: 1 914 360 $



Team Name Goals Shots Shots Attemp Shots Blocked PIM HIT PP PK FO%
NASHVILLE Predators 024521614220 / 2 (0%)252%
ARIZONA Coyotes 632639492 / 7 (29%)048%

NASHVILLE Predators
Player Name POS G A P +/- PIM HIT SHT SB MP PP MP PP SHT PK MP PK SHT FO% FOT
Alexander NylanderRW000-3001015:570:0002:4700% 0
Andrew CoppC/LW000-3013013:460:0000:00054% 13
Brett ConnollyLW/RW0000011010:130:0006:3410% 0
Bryan RustLW/RW000-1414014:570:5000:0000% 0
Calle JarnkrokC/LW/RW000-1003014:580:5000:00063% 19
Cam FowlerD000-2210626:331:3505:1700% 0
Chris TanevD0000030313:270:0000:2000% 0
Colin WhiteC/RW000000104:320:0000:0000% 0
Erik BrannstromD000-2001117:430:5412:2500% 0
Erik GustafssonD0000010317:460:0003:4600% 0
Filip ForsbergLW0000410017:181:3800:0000% 0
Henrik BorgstromC000001103:390:0000:00060% 5
Josh MorrisseyD000-2450224:311:3503:1600% 0
Kevin LabancLW/RW000-1022014:580:5000:000100% 1
Leon DraisaitlC/LW/RW0000002018:321:3900:37050% 22
Matt GrzelcykD000-2020119:570:5403:4600% 0
Ryan DonatoC/LW000-3020015:570:0002:4700% 2
Vladislav NamestnikovC/LW/RW0000015024:171:3926:05141% 17
ARIZONA Coyotes
Player Name POS G A P +/- PIM HIT SHT SB MP PP MP PP SHT PK MP PK SHT FO% FOT
Beau Starret C/LW000000000:390:0000:0000% 0
Braden SchneiderD0001000315:030:0000:4300% 0
Brayden PointC/RW0222213021:024:5810:14035% 23
Carl HagelinLW/RW0000002012:020:0000:1300% 1
Dillon DubeC/LW/RW0000001011:490:0000:00054% 13
Dougie HamiltonD0333012123:495:0211:2900% 0
Justin AbdelkaderC/LW0000010011:490:0000:0000% 0
Klim KostinC000000006:090:1000:00043% 7
Madison BoweyD0223003223:495:0221:2900% 0
Matt BoldyLW/RW0002003021:294:1710:0000% 0
Matthew TkachukLW/RW0222032021:035:0802:0200% 2
Nazem KadriC/LW/RW3032007020:204:1722:02068% 28
Sean DurziD0110211121:074:2300:1700% 0
Timo MeierLW/RW1012014023:455:0820:19033% 3
Travis BoydC/LW/RW000000105:380:0000:0800% 1
Tucker PoolmanD0001010114:200:0000:0000% 0
Victor OlofssonLW/RW2132003020:164:1700:0000% 1
Vince DunnD0000000121:514:2301:0000% 0



Play-by-Play

1st period


0:01 of 1st period - Nazem Kadri wins face-off versus Leon Draisaitl in neutral zone.
0:05 of 1st period - Icing by Josh Morrissey.
0:06 of 1st period - Leon Draisaitl wins face-off versus Brayden Point in NASHVILLE Predators zone.
0:58 of 1st period - Icing by Sean Durzi.
0:59 of 1st period - Calle Jarnkrok wins face-off versus Brayden Point in ARIZONA Coyotes zone.
1:00 of 1st period - Shot by Bryan Rust.
1:00 of 1st period - Stopped by Andrei Vasilevsky without a rebound.
1:01 of 1st period - Nazem Kadri wins face-off versus Calle Jarnkrok in ARIZONA Coyotes zone.
1:20 of 1st period - Shot by Nazem Kadri.
1:20 of 1st period - Shot Blocked by Erik Brannstrom.
1:22 of 1st period - Shot by Nazem Kadri.
1:22 of 1st period - Goal by Nazem Kadri - NASHVILLE Predators : 0 - ARIZONA Coyotes : 1.
1:23 of 1st period - Dillon Dube wins face-off versus Andrew Copp in neutral zone.
1:44 of 1st period - Shot by Andrew Copp.
1:44 of 1st period - Stopped by Andrei Vasilevsky without a rebound.
1:45 of 1st period - Henrik Borgstrom wins face-off versus Nazem Kadri in ARIZONA Coyotes zone.
1:53 of 1st period - Icing by Matthew Tkachuk.
1:54 of 1st period - Calle Jarnkrok wins face-off versus Nazem Kadri in ARIZONA Coyotes zone.
2:01 of 1st period - Shot by Bryan Rust.
2:01 of 1st period - Stopped by Andrei Vasilevsky with a rebound.
2:04 of 1st period - Icing by Timo Meier.
2:05 of 1st period - Nazem Kadri wins face-off versus Andrew Copp in ARIZONA Coyotes zone.
2:30 of 1st period - Shot by Dougie Hamilton.
2:30 of 1st period - Stopped by Matt Murray without a rebound.
2:31 of 1st period - Calle Jarnkrok wins face-off versus Dillon Dube in NASHVILLE Predators zone.
3:04 of 1st period - Shot by Calle Jarnkrok.
3:04 of 1st period - Stopped by Andrei Vasilevsky with a rebound.
3:24 of 1st period - Justin Abdelkader is hit by Josh Morrissey.
3:41 of 1st period - Minor Penalty to Josh Morrissey for Holding.
3:42 of 1st period - Vladislav Namestnikov wins face-off versus Brayden Point in NASHVILLE Predators zone.
3:42 of 1st period - Cam Fowler is hit by Matthew Tkachuk and loses puck.
4:01 of 1st period - Shot by Matthew Tkachuk.
4:01 of 1st period - Shot Misses the Net.
4:03 of 1st period - Shot by Matthew Tkachuk.
4:03 of 1st period - Shot Misses the Net.
4:05 of 1st period - Shot by Vince Dunn.
4:05 of 1st period - Shot Blocked by Cam Fowler.
4:09 of 1st period - Shot by Vince Dunn.
4:09 of 1st period - Shot Misses the Net.
4:13 of 1st period - Shot by Sean Durzi.
4:13 of 1st period - Shot Blocked by Cam Fowler.
4:15 of 1st period - Shot by Matthew Tkachuk.
4:15 of 1st period - Deflect By Brayden Point.
4:15 of 1st period - Stopped by Matt Murray without a rebound.
4:16 of 1st period - Nazem Kadri wins face-off versus Ryan Donato in NASHVILLE Predators zone.
4:25 of 1st period - Shot by Dougie Hamilton.
4:25 of 1st period - Shot Misses the Net.
4:27 of 1st period - Shot by Madison Bowey.
4:27 of 1st period - Stopped by Matt Murray without a rebound.
4:28 of 1st period - Nazem Kadri wins face-off versus Vladislav Namestnikov in NASHVILLE Predators zone.
5:48 of 1st period - Shot by Justin Abdelkader.
5:48 of 1st period - Shot Misses the Net.
5:53 of 1st period - Minor Penalty to Josh Morrissey for Tripping.
5:54 of 1st period - Vladislav Namestnikov wins face-off versus Brayden Point in NASHVILLE Predators zone.
6:46 of 1st period - Timo Meier is hit by Chris Tanev and loses puck.
7:11 of 1st period - Shot by Dougie Hamilton.
7:11 of 1st period - Stopped by Matt Murray without a rebound.
7:12 of 1st period - Nazem Kadri wins face-off versus Vladislav Namestnikov in NASHVILLE Predators zone.
7:13 of 1st period - Shot by Matt Boldy.
7:13 of 1st period - Stopped by Matt Murray without a rebound.
7:14 of 1st period - Nazem Kadri wins face-off versus Vladislav Namestnikov in NASHVILLE Predators zone.
7:27 of 1st period - Nazem Kadri is hit by Brett Connolly and loses puck.
7:48 of 1st period - Shot by Madison Bowey.
7:48 of 1st period - Stopped by Matt Murray with a rebound.
7:50 of 1st period - Shot by Nazem Kadri.
7:50 of 1st period - Stopped by Matt Murray with a rebound.
7:54 of 1st period - Shot by Dillon Dube.
7:54 of 1st period - Shot Misses the Net.
8:18 of 1st period - Icing by Erik Gustafsson.
8:19 of 1st period - Andrew Copp wins face-off versus Timo Meier in NASHVILLE Predators zone.
8:24 of 1st period - Shot by Alexander Nylander.
8:24 of 1st period - Shot Hit the Post.
8:33 of 1st period - Off-side.
8:34 of 1st period - Brayden Point wins face-off versus Calle Jarnkrok in neutral zone.
9:11 of 1st period - Shot by Victor Olofsson.
9:11 of 1st period - Shot Blocked by Matt Grzelcyk.
9:13 of 1st period - Shot by Victor Olofsson.
9:13 of 1st period - Shot Misses the Net.
9:55 of 1st period - Shot by Nazem Kadri.
9:55 of 1st period - Goal by Nazem Kadri - NASHVILLE Predators : 0 - ARIZONA Coyotes : 2.
9:56 of 1st period - Vladislav Namestnikov wins face-off versus Dillon Dube in neutral zone.
10:05 of 1st period - Shot by Justin Abdelkader.
10:05 of 1st period - Shot Misses the Net.
10:09 of 1st period - Shot by Carl Hagelin.
10:09 of 1st period - Shot Blocked by Erik Gustafsson.
10:11 of 1st period - Shot by Sean Durzi.
10:11 of 1st period - Stopped by Matt Murray without a rebound.
10:12 of 1st period - Klim Kostin wins face-off versus Henrik Borgstrom in NASHVILLE Predators zone.
12:07 of 1st period - Shot by Kevin Labanc.
12:07 of 1st period - Shot Misses the Net.
12:25 of 1st period - Shot by Calle Jarnkrok.
12:25 of 1st period - Stopped by Andrei Vasilevsky with a rebound.
12:27 of 1st period - Shot by Chris Tanev.
12:27 of 1st period - Shot Blocked by Madison Bowey.
12:33 of 1st period - Shot by Bryan Rust.
12:33 of 1st period - Shot Misses the Net.
12:35 of 1st period - Shot by Calle Jarnkrok.
12:35 of 1st period - Shot Misses the Net.
12:37 of 1st period - Shot by Kevin Labanc.
12:37 of 1st period - Stopped by Andrei Vasilevsky with a rebound.
12:43 of 1st period - Shot by Bryan Rust.
12:43 of 1st period - Stopped by Andrei Vasilevsky without a rebound.
12:44 of 1st period - Andrew Copp wins face-off versus Nazem Kadri in ARIZONA Coyotes zone.
12:53 of 1st period - Shot by Nazem Kadri.
12:53 of 1st period - Shot Misses the Net.
13:30 of 1st period - Matthew Tkachuk is hit by Ryan Donato and loses puck.
13:57 of 1st period - Shot by Leon Draisaitl.
13:57 of 1st period - Shot Misses the Net.
15:50 of 1st period - Icing by Tucker Poolman.
15:51 of 1st period - Brayden Point wins face-off versus Andrew Copp in ARIZONA Coyotes zone.
15:56 of 1st period - Shot by Victor Olofsson.
15:56 of 1st period - Goal by Victor Olofsson - NASHVILLE Predators : 0 - ARIZONA Coyotes : 3.
15:57 of 1st period - Leon Draisaitl wins face-off versus Brayden Point in neutral zone.
16:12 of 1st period - Shot by Cam Fowler.
16:12 of 1st period - Shot Misses the Net.
17:15 of 1st period - Shot by Ryan Donato.
17:15 of 1st period - Shot Misses the Net.
17:17 of 1st period - Shot by Alexander Nylander.
17:17 of 1st period - Stopped by Andrei Vasilevsky without a rebound.
17:18 of 1st period - Timo Meier wins face-off versus Calle Jarnkrok in ARIZONA Coyotes zone.
17:27 of 1st period - Shot by Kevin Labanc.
17:27 of 1st period - Deflect By Calle Jarnkrok.
17:27 of 1st period - Stopped by Andrei Vasilevsky without a rebound.
17:28 of 1st period - Calle Jarnkrok wins face-off versus Nazem Kadri in ARIZONA Coyotes zone.
17:48 of 1st period - Nazem Kadri is hit by Kevin Labanc and loses puck.
17:56 of 1st period - Icing by Erik Brannstrom.
17:57 of 1st period - Dillon Dube wins face-off versus Calle Jarnkrok in NASHVILLE Predators zone.
18:16 of 1st period - Shot by Carl Hagelin.
18:16 of 1st period - Stopped by Matt Murray without a rebound.
18:17 of 1st period - Leon Draisaitl wins face-off versus Nazem Kadri in NASHVILLE Predators zone.
19:13 of 1st period - Vladislav Namestnikov is hit by Brayden Point and loses puck.
19:40 of 1st period - Shot by Matt Boldy.
19:40 of 1st period - Stopped by Matt Murray without a rebound.
19:41 of 1st period - Andrew Copp wins face-off versus Dillon Dube in NASHVILLE Predators zone.
Goals for this period are 0 for NASHVILLE Predators vs 3 for ARIZONA Coyotes .
Shots for this period are 9 for NASHVILLE Predators vs 13 for ARIZONA Coyotes .

2nd period


0:01 of 2nd period - Nazem Kadri wins face-off versus Leon Draisaitl in neutral zone.
0:12 of 2nd period - Shot by Matthew Tkachuk.
0:12 of 2nd period - Stopped by Matt Murray with a rebound.
0:14 of 2nd period - Shot by Matthew Tkachuk.
0:14 of 2nd period - Stopped by Matt Murray without a rebound.
0:15 of 2nd period - Calle Jarnkrok wins face-off versus Brayden Point in NASHVILLE Predators zone.
0:23 of 2nd period - Icing by Sean Durzi.
0:24 of 2nd period - Brayden Point wins face-off versus Leon Draisaitl in ARIZONA Coyotes zone.
0:30 of 2nd period - Sean Durzi is hit by Josh Morrissey and loses puck.
0:48 of 2nd period - Minor Penalty to Cam Fowler for Cross-checking.
0:49 of 2nd period - Brayden Point wins face-off versus Vladislav Namestnikov in NASHVILLE Predators zone.
1:02 of 2nd period - Icing by Madison Bowey.
1:03 of 2nd period - Brayden Point wins face-off versus Vladislav Namestnikov in ARIZONA Coyotes zone.
1:24 of 2nd period - Shot by Brett Connolly.
1:24 of 2nd period - Stopped by Andrei Vasilevsky without a rebound.
1:25 of 2nd period - Nazem Kadri wins face-off versus Vladislav Namestnikov in ARIZONA Coyotes zone.
1:48 of 2nd period - Shot by Nazem Kadri.
1:48 of 2nd period - Goal by Nazem Kadri - NASHVILLE Predators : 0 - ARIZONA Coyotes : 4.
1:48 of 2nd period - Cal Petersen enters game.
1:49 of 2nd period - Calle Jarnkrok wins face-off versus Dillon Dube in neutral zone.
2:11 of 2nd period - Dougie Hamilton is hit by Josh Morrissey and loses puck.
3:14 of 2nd period - Shot by Andrew Copp.
3:14 of 2nd period - Stopped by Andrei Vasilevsky without a rebound.
3:15 of 2nd period - Brayden Point wins face-off versus Leon Draisaitl in ARIZONA Coyotes zone.
3:15 of 2nd period - Brayden Point is hit by Vladislav Namestnikov.
3:46 of 2nd period - Icing by Tucker Poolman.
3:47 of 2nd period - Andrew Copp wins face-off versus Brayden Point in ARIZONA Coyotes zone.
4:25 of 2nd period - Icing by Victor Olofsson.
4:26 of 2nd period - Leon Draisaitl wins face-off versus Brayden Point in ARIZONA Coyotes zone.
4:37 of 2nd period - Shot by Vladislav Namestnikov.
4:37 of 2nd period - Deflect By Leon Draisaitl.
4:37 of 2nd period - Shot Blocked by Tucker Poolman.
4:40 of 2nd period - Icing by Braden Schneider.
4:41 of 2nd period - Kevin Labanc wins face-off versus Victor Olofsson in ARIZONA Coyotes zone.
4:51 of 2nd period - Double Minor Penalty to Bryan Rust for High sticking.
4:52 of 2nd period - Klim Kostin wins face-off versus Vladislav Namestnikov in NASHVILLE Predators zone.
4:59 of 2nd period - Shot by Madison Bowey.
4:59 of 2nd period - Shot Misses the Net.
5:01 of 2nd period - Shot by Timo Meier.
5:01 of 2nd period - Goal by Timo Meier - NASHVILLE Predators : 0 - ARIZONA Coyotes : 5.
5:02 of 2nd period - Vladislav Namestnikov wins face-off versus Brayden Point in neutral zone.
5:02 of 2nd period - Cam Fowler is hit by Matthew Tkachuk and loses puck.
5:15 of 2nd period - Shot by Vladislav Namestnikov.
5:15 of 2nd period - Stopped by Andrei Vasilevsky without a rebound.
5:16 of 2nd period - Nazem Kadri wins face-off versus Vladislav Namestnikov in ARIZONA Coyotes zone.
5:47 of 2nd period - Shot by Matt Boldy.
5:47 of 2nd period - Shot Misses the Net.
6:26 of 2nd period - Shot by Timo Meier.
6:26 of 2nd period - Shot Blocked by Erik Gustafsson.
6:42 of 2nd period - Icing by Brayden Point.
6:43 of 2nd period - Vladislav Namestnikov wins face-off versus Brayden Point in ARIZONA Coyotes zone.
7:06 of 2nd period - Shot by Kevin Labanc.
7:06 of 2nd period - Shot Misses the Net.
8:01 of 2nd period - Icing by Vince Dunn.
8:02 of 2nd period - Andrew Copp wins face-off versus Klim Kostin in ARIZONA Coyotes zone.
8:42 of 2nd period - Shot by Vince Dunn.
8:42 of 2nd period - Shot Blocked by Cam Fowler.
8:58 of 2nd period - Shot by Matt Boldy.
8:58 of 2nd period - Shot Blocked by Cam Fowler.
9:22 of 2nd period - Shot by Brayden Point.
9:22 of 2nd period - Shot Blocked by Cam Fowler.
9:24 of 2nd period - Shot by Victor Olofsson.
9:24 of 2nd period - Goal by Victor Olofsson - NASHVILLE Predators : 0 - ARIZONA Coyotes : 6.
9:25 of 2nd period - Dillon Dube wins face-off versus Leon Draisaitl in neutral zone.
9:36 of 2nd period - Shot by Vladislav Namestnikov.
9:36 of 2nd period - Stopped by Andrei Vasilevsky without a rebound.
9:37 of 2nd period - Nazem Kadri wins face-off versus Calle Jarnkrok in ARIZONA Coyotes zone.
9:55 of 2nd period - Icing by Vince Dunn.
9:56 of 2nd period - Nazem Kadri wins face-off versus Leon Draisaitl in ARIZONA Coyotes zone.
10:03 of 2nd period - Shot by Vladislav Namestnikov.
10:03 of 2nd period - Shot Misses the Net.
10:39 of 2nd period - Shot by Brayden Point.
10:39 of 2nd period - Shot Blocked by Chris Tanev.
10:50 of 2nd period - Icing by Dougie Hamilton.
10:51 of 2nd period - Calle Jarnkrok wins face-off versus Brayden Point in ARIZONA Coyotes zone.
11:00 of 2nd period - Shot by Matt Boldy.
11:00 of 2nd period - Deflect By Brayden Point.
11:00 of 2nd period - Stopped by Cal Petersen without a rebound.
11:01 of 2nd period - Dillon Dube wins face-off versus Henrik Borgstrom in NASHVILLE Predators zone.
11:36 of 2nd period - Shot by Henrik Borgstrom.
11:36 of 2nd period - Stopped by Andrei Vasilevsky with a rebound.
11:45 of 2nd period - Brett Connolly is hit by Tucker Poolman and loses puck.
11:55 of 2nd period - Dillon Dube is hit by Matt Grzelcyk and loses puck.
12:15 of 2nd period - Icing by Calle Jarnkrok.
12:16 of 2nd period - Calle Jarnkrok wins face-off versus Nazem Kadri in NASHVILLE Predators zone.
12:16 of 2nd period - Calle Jarnkrok is hit by Timo Meier.
12:28 of 2nd period - Shot by Bryan Rust.
12:28 of 2nd period - Shot Misses the Net.
13:16 of 2nd period - Leon Draisaitl is hit by Dougie Hamilton and loses puck.
14:34 of 2nd period - Shot by Victor Olofsson.
14:34 of 2nd period - Shot Blocked by Josh Morrissey.
14:36 of 2nd period - Shot by Victor Olofsson.
14:36 of 2nd period - Stopped by Cal Petersen with a rebound.
15:05 of 2nd period - Tucker Poolman is hit by Josh Morrissey and loses puck.
15:09 of 2nd period - Dillon Dube is hit by Cam Fowler and loses puck.
15:34 of 2nd period - Shot by Carl Hagelin.
15:34 of 2nd period - Stopped by Cal Petersen without a rebound.
15:35 of 2nd period - Leon Draisaitl wins face-off versus Klim Kostin in NASHVILLE Predators zone.
15:37 of 2nd period - Icing by Matt Grzelcyk.
15:38 of 2nd period - Brayden Point wins face-off versus Leon Draisaitl in NASHVILLE Predators zone.
15:40 of 2nd period - Victor Olofsson is hit by Matt Grzelcyk and loses puck.
15:53 of 2nd period - Shot by Brayden Point.
15:53 of 2nd period - Shot Misses the Net.
16:36 of 2nd period - Brayden Point is hit by Kevin Labanc and loses puck.
16:53 of 2nd period - Vince Dunn is hit by Erik Gustafsson and loses puck.
16:59 of 2nd period - Minor Penalty to Sean Durzi for Interference.
17:00 of 2nd period - Leon Draisaitl wins face-off versus Nazem Kadri in ARIZONA Coyotes zone.
17:01 of 2nd period - Shot by Vladislav Namestnikov.
17:01 of 2nd period - Shot Blocked by Madison Bowey.
17:29 of 2nd period - Shot by Vladislav Namestnikov.
17:29 of 2nd period - Shot Misses the Net.
18:01 of 2nd period - Shot by Cam Fowler.
18:01 of 2nd period - Shot Misses the Net.
18:15 of 2nd period - Shot by Leon Draisaitl.
18:15 of 2nd period - Deflect By Vladislav Namestnikov.
18:15 of 2nd period - Stopped by Andrei Vasilevsky without a rebound.
18:16 of 2nd period - Calle Jarnkrok wins face-off versus Timo Meier in ARIZONA Coyotes zone.
18:25 of 2nd period - Shot by Kevin Labanc.
18:25 of 2nd period - Shot Blocked by Vince Dunn.
18:27 of 2nd period - Shot by Bryan Rust.
18:27 of 2nd period - Shot Misses the Net.
18:29 of 2nd period - Shot by Erik Brannstrom.
18:29 of 2nd period - Stopped by Andrei Vasilevsky without a rebound.
18:30 of 2nd period - Leon Draisaitl wins face-off versus Carl Hagelin in ARIZONA Coyotes zone.
18:37 of 2nd period - Shot by Vladislav Namestnikov.
18:37 of 2nd period - Stopped by Andrei Vasilevsky without a rebound.
18:38 of 2nd period - Nazem Kadri wins face-off versus Leon Draisaitl in ARIZONA Coyotes zone.
18:49 of 2nd period - Shot by Josh Morrissey.
18:49 of 2nd period - Deflect By Filip Forsberg.
18:49 of 2nd period - Shot Misses the Net.
18:51 of 2nd period - Shot by Vladislav Namestnikov.
18:51 of 2nd period - Shot Blocked by Braden Schneider.
19:29 of 2nd period - Shot by Timo Meier.
19:29 of 2nd period - Stopped by Cal Petersen with a rebound.
Goals for this period are 0 for NASHVILLE Predators vs 3 for ARIZONA Coyotes .
Shots for this period are 8 for NASHVILLE Predators vs 9 for ARIZONA Coyotes .

3rd period


0:01 of 3rd period - Leon Draisaitl wins face-off versus Matthew Tkachuk in neutral zone.
0:45 of 3rd period - Shot by Leon Draisaitl.
0:45 of 3rd period - Shot Misses the Net.
0:52 of 3rd period - Icing by Matthew Tkachuk.
0:53 of 3rd period - Calle Jarnkrok wins face-off versus Matthew Tkachuk in ARIZONA Coyotes zone.
1:09 of 3rd period - Icing by Dougie Hamilton.
1:10 of 3rd period - Nazem Kadri wins face-off versus Andrew Copp in ARIZONA Coyotes zone.
1:10 of 3rd period - Nazem Kadri is hit by Andrew Copp.
1:16 of 3rd period - Andrew Copp is hit by Matthew Tkachuk and loses puck.
1:36 of 3rd period - Dougie Hamilton is hit by Chris Tanev and loses puck.
2:56 of 3rd period - Icing by Josh Morrissey.
2:57 of 3rd period - Dillon Dube wins face-off versus Leon Draisaitl in NASHVILLE Predators zone.
3:28 of 3rd period - Shot by Dillon Dube.
3:28 of 3rd period - Stopped by Cal Petersen without a rebound.
3:29 of 3rd period - Calle Jarnkrok wins face-off versus Klim Kostin in NASHVILLE Predators zone.
4:21 of 3rd period - Icing by Sean Durzi.
4:22 of 3rd period - Andrew Copp wins face-off versus Travis Boyd in ARIZONA Coyotes zone.
4:33 of 3rd period - Shot by Andrew Copp.
4:33 of 3rd period - Shot Misses the Net.
4:47 of 3rd period - Off-side.
4:48 of 3rd period - Henrik Borgstrom wins face-off versus Brayden Point in neutral zone.
4:57 of 3rd period - Madison Bowey is hit by Henrik Borgstrom and loses puck.
5:04 of 3rd period - Shot by Colin White.
5:04 of 3rd period - Stopped by Andrei Vasilevsky without a rebound.
5:05 of 3rd period - Dillon Dube wins face-off versus Leon Draisaitl in ARIZONA Coyotes zone.
5:07 of 3rd period - Braden Schneider is hit by Filip Forsberg.
5:43 of 3rd period - Shot by Vladislav Namestnikov.
5:43 of 3rd period - Shot Blocked by Braden Schneider.
5:45 of 3rd period - Shot by Vladislav Namestnikov.
5:45 of 3rd period - Shot Misses the Net.
6:31 of 3rd period - Shot by Matt Boldy.
6:31 of 3rd period - Shot Blocked by Josh Morrissey.
6:33 of 3rd period - Shot by Madison Bowey.
6:33 of 3rd period - Stopped by Cal Petersen without a rebound.
6:34 of 3rd period - Nazem Kadri wins face-off versus Andrew Copp in NASHVILLE Predators zone.
6:34 of 3rd period - Nazem Kadri is hit by Chris Tanev.
7:00 of 3rd period - Shot by Matthew Tkachuk.
7:00 of 3rd period - Deflect By Nazem Kadri.
7:00 of 3rd period - Stopped by Cal Petersen without a rebound.
7:01 of 3rd period - Leon Draisaitl wins face-off versus Brayden Point in NASHVILLE Predators zone.
7:12 of 3rd period - Shot by Vladislav Namestnikov.
7:12 of 3rd period - Stopped by Andrei Vasilevsky with a rebound.
7:14 of 3rd period - Shot by Leon Draisaitl.
7:14 of 3rd period - Shot Misses the Net.
7:26 of 3rd period - Shot by Filip Forsberg.
7:26 of 3rd period - Deflect By Leon Draisaitl.
7:26 of 3rd period - Stopped by Andrei Vasilevsky without a rebound.
7:27 of 3rd period - Nazem Kadri wins face-off versus Calle Jarnkrok in ARIZONA Coyotes zone.
7:42 of 3rd period - Matthew Tkachuk is hit by Bryan Rust and loses puck.
9:04 of 3rd period - Shot by Matt Boldy.
9:04 of 3rd period - Stopped by Cal Petersen without a rebound.
9:05 of 3rd period - Andrew Copp wins face-off versus Dillon Dube in NASHVILLE Predators zone.
9:46 of 3rd period - Shot by Alexander Nylander.
9:46 of 3rd period - Shot Blocked by Braden Schneider.
9:48 of 3rd period - Shot by Andrew Copp.
9:48 of 3rd period - Stopped by Andrei Vasilevsky without a rebound.
9:49 of 3rd period - Calle Jarnkrok wins face-off versus Nazem Kadri in ARIZONA Coyotes zone.
10:00 of 3rd period - Shot by Kevin Labanc.
10:00 of 3rd period - Stopped by Andrei Vasilevsky without a rebound.
10:01 of 3rd period - Brayden Point wins face-off versus Leon Draisaitl in ARIZONA Coyotes zone.
10:30 of 3rd period - Shot by Leon Draisaitl.
10:30 of 3rd period - Stopped by Andrei Vasilevsky with a rebound.
11:08 of 3rd period - Shot by Kevin Labanc.
11:08 of 3rd period - Shot Blocked by Dougie Hamilton.
11:17 of 3rd period - Madison Bowey is hit by Josh Morrissey and loses puck.
11:24 of 3rd period - Shot by Timo Meier.
11:24 of 3rd period - Stopped by Cal Petersen without a rebound.
11:25 of 3rd period - Dillon Dube wins face-off versus Andrew Copp in NASHVILLE Predators zone.
12:30 of 3rd period - Shot by Nazem Kadri.
12:30 of 3rd period - Shot Blocked by Chris Tanev.
12:39 of 3rd period - Shot by Matthew Tkachuk.
12:39 of 3rd period - Deflect By Nazem Kadri.
12:39 of 3rd period - Stopped by Cal Petersen with a rebound.
13:33 of 3rd period - Shot by Brayden Point.
13:33 of 3rd period - Shot Blocked by Chris Tanev.
13:35 of 3rd period - Shot by Victor Olofsson.
13:35 of 3rd period - Shot Blocked by Erik Gustafsson.
13:47 of 3rd period - Shot by Brayden Point.
13:47 of 3rd period - Stopped by Cal Petersen without a rebound.
13:48 of 3rd period - Leon Draisaitl wins face-off versus Dillon Dube in NASHVILLE Predators zone.
13:48 of 3rd period - Leon Draisaitl is hit by Justin Abdelkader.
13:56 of 3rd period - Shot by Carl Hagelin.
13:56 of 3rd period - Shot Misses the Net.
14:04 of 3rd period - Shot by Dillon Dube.
14:04 of 3rd period - Shot Misses the Net.
14:06 of 3rd period - Shot by Carl Hagelin.
14:06 of 3rd period - Shot Blocked by Cam Fowler.
14:08 of 3rd period - Shot by Dillon Dube.
14:08 of 3rd period - Shot Misses the Net.
14:45 of 3rd period - Icing by Madison Bowey.
14:46 of 3rd period - Nazem Kadri wins face-off versus Calle Jarnkrok in ARIZONA Coyotes zone.
15:14 of 3rd period - Shot by Bryan Rust.
15:14 of 3rd period - Shot Misses the Net.
15:27 of 3rd period - Shot by Bryan Rust.
15:27 of 3rd period - Stopped by Andrei Vasilevsky without a rebound.
15:28 of 3rd period - Henrik Borgstrom wins face-off versus Brayden Point in ARIZONA Coyotes zone.
15:28 of 3rd period - Henrik Borgstrom is hit by Sean Durzi.
15:42 of 3rd period - Minor Penalty to Brayden Point for Hooking.
15:43 of 3rd period - Leon Draisaitl wins face-off versus Nazem Kadri in ARIZONA Coyotes zone.
16:12 of 3rd period - Double Minor Penalty to Filip Forsberg for Roughing.
16:13 of 3rd period - Klim Kostin wins face-off versus Vladislav Namestnikov in NASHVILLE Predators zone.
17:24 of 3rd period - Shot by Travis Boyd.
17:24 of 3rd period - Stopped by Cal Petersen without a rebound.
17:25 of 3rd period - Nazem Kadri wins face-off versus Vladislav Namestnikov in NASHVILLE Predators zone.
17:32 of 3rd period - Shot by Victor Olofsson.
17:32 of 3rd period - Deflect By Nazem Kadri.
17:32 of 3rd period - Stopped by Cal Petersen without a rebound.
17:33 of 3rd period - Vladislav Namestnikov wins face-off versus Klim Kostin in NASHVILLE Predators zone.
17:43 of 3rd period - Icing by Madison Bowey.
17:44 of 3rd period - Vladislav Namestnikov wins face-off versus Brayden Point in ARIZONA Coyotes zone.
17:57 of 3rd period - Shot by Vladislav Namestnikov.
17:57 of 3rd period - Shot Blocked by Sean Durzi.
18:13 of 3rd period - Shot by Timo Meier.
18:13 of 3rd period - Stopped by Cal Petersen without a rebound.
18:14 of 3rd period - Nazem Kadri wins face-off versus Ryan Donato in NASHVILLE Predators zone.
18:21 of 3rd period - Nazem Kadri is hit by Ryan Donato and loses puck.
Goals for this period are 0 for NASHVILLE Predators vs 0 for ARIZONA Coyotes .
Shots for this period are 7 for NASHVILLE Predators vs 10 for ARIZONA Coyotes .